 Dungeon Crawl Stone Soup version 0.27.1-34-g3ba077fa99 (webtiles) character file.

Game seed: 8779345531951273615

3894 raph the Frost Mage (level 10, -3/67 (72) HPs)
             Began as a Merfolk Ice Elementalist on Jan 19, 2022.
             Was a Priest of Sif Muna.
             Slain by an unseen horror (6 damage)
             ... on level 11 of the Dungeon.
             The game lasted 00:26:15 (15664 turns).

raph the Frost Mage (Merfolk Ice Elementalist)     Turns: 15664, Time: 00:26:15

HP:   -3/67 (72)    AC:  4    Str:  9    XL:     10   Next: 20%
MP:   16/16         EV: 14    Int: 18    God:    Sif Muna [***...]
Gold: 98            SH:  4    Dex: 14    Spells: 3/17 levels left

rFire    . . .     SeeInvis .   o - staff of cold
rCold    + . .     Faith    +   B - +0 buckler
rNeg     . . .     Spirit   .   a - +0 robe
rPois    .         Reflect  .   e - +0 helmet
rElec    .         Harm     .   (no cloak)
rCorr    .         Rampage  .   r - +0 pair of gloves
Will     +....                  (no boots)
Stlth    ++........             g - amulet of faith
HPRegen  0.21/turn              n - ring of wizardry
MPRegen  0.15/turn              i - ring of willpower

@: drained
A: (nimble swimmer 2), mertail
a: Renounce Religion, Channel Magic, Forget Spell


You were on level 11 of the Dungeon.
You worshipped Sif Muna.
Sif Muna was most pleased with you.
You visited 2 branches of the dungeon, and saw 11 of its levels.

You collected 358 gold pieces.
You spent 260 gold pieces at shops.

Inventory:

Hand Weapons
 c - a +0 short sword
 A - a +0 trident
Missiles
 j - 57 poisoned darts
 y - 3 boomerangs of dispersal
Armour
 a - a +0 robe (worn)
 e - a +0 helmet (worn)
 r - a +0 pair of gloves (worn)
 B - a +0 buckler (worn)
Magical Staves
 o - a staff of cold (weapon)
Jewellery
 g - an amulet of faith (around neck)
 i - a ring of willpower (right hand)
 k - a ring of protection from fire
 n - a ring of wizardry (left hand)
 t - an amulet of reflection
 w - a ring of protection from fire
 x - a ring of see invisible
 D - a ring of resist corrosion
Wands
 f - a wand of charming (8)
 l - a wand of digging (12)
 s - a wand of flame (17)
Scrolls
 C - a scroll of magic mapping {unknown}
Potions
 b - 3 potions of curing
 d - a potion of lignification
 h - 2 potions of flight
 m - a potion of brilliance
 p - a potion of attraction
 q - a potion of haste
 v - a potion of mutation {unknown}
 z - a potion of cancellation {unknown}


   Skills:
 + Level 4.2 Fighting
 + Level 2.4 Staves
 + Level 5.8 Dodging
 - Level 2.1 Stealth
 * Level 1.8 Shields
 + Level 4.1 Spellcasting
 + Level 3.1 Conjurations
 - Level 11.6 Ice Magic
 * Level 3.6 Invocations
 + Level 3.1 Evocations


You had 3 spell levels left.
You knew the following spells:

 Your Spells              Type           Power      Damage    Failure   Level
a - Freeze                Ice            100%       1d11      1%          1
b - Frozen Ramparts       Ice            100%       1d12      1%          3
c - Ozocubu's Armour      Ice            62%        N/A       1%          3
d - Shock                 Conj/Air       36%        1d5       4%          1
e - Sting                 Tmut/Pois      12%        1d3       8%          1
f - Summon Small Mammal   Summ           12%        N/A       8%          1
g - Hailstorm             Conj/Ice       45%        3d10      3%          4

Your spell library contained the following spells:

 Spells                   Type           Power      Damage    Failure   Level
 Magic Dart               Conj           60%        1d6       2%          1
 Call Imp                 Summ           3%         N/A       12%         2
 Passwall                 Tmut/Erth      2%         N/A       12%         2
 Mephitic Cloud           Conj/Pois/Air  7%         N/A       16%         3
 Call Canine Familiar     Summ           3%         N/A       22%         3
 Summon Guardian Golem    Hex/Summ       3%         N/A       22%         3
 Swiftness                Air            3%         N/A       22%         3
 Ozocubu's Refrigeration  Ice            31%        4d11      45%         7
 Airstrike                Air            1%         N/A       56%         4
 Olgreb's Toxic Radiance  Pois           3%         N/A       56%         4
 Summon Forest            Summ/Tloc      1%         N/A       88%         5
 Summon Mana Viper        Hex/Summ       3%         N/A       88%         5
 Iron Shot                Conj/Erth      4%         9d2       99%         6
 Eringya's Noxious Bog    Tmut/Pois      1%         N/A       100%        6
 Shadow Creatures         Summ           N/A        N/A       100%        6
 Ignition                 Fire           1%         3d3       100%        8


Dungeon Overview and Level Annotations

Branches:
Dungeon (9/15)             Temple (1/1) D:4
   Lair: D:8-11         Orc: D:9-12

Altars:
Ashenzari
Cheibriados
Dithmenos
Elyvilon
Fedhas
Gozag
Hepliaklqana
Makhleb
Nemelex Xobeh
Okawaru
Qazlal
Ru
Sif Muna
Trog
Uskayaw
Vehumet
Wu Jian
Xom
Yredelemnul
Zin
The Shining One
Beogh

Shops:
D:5 :   D:7 [

Annotations:
D:3 3 runed translucent doors, DiogoH's ghost, amateur PaWr
D:6 1 runed translucent door
D:7 Maggie


Innate Abilities, Weirdness & Mutations

((You are quick and stealthy near water. (Stealth+, EV+, Speed+++)))
Your lower body shifts to a powerful aquatic tail in water.


Message History

Done waiting.
Found an escape hatch in the floor.
Found a potion of curing.
b - 3 potions of curing (gained 1)
You fall into a shaft and drop 2 floors!
The shaft crumbles and collapses. 2 centaurs and a troll come into view.
Found a book of Maledictions.
A centaur comes into view.
The centaur shouts! x2
The centaur wields a +0 shortbow.
The centaur shoots an arrow.
The arrow hits you.
You hear two shouts!
The centaur shouts!
The centaur wields a +0 shortbow.
The centaur shoots an arrow.
The arrow hits you!
The centaur wields a +0 shortbow.
The centaur shoots an arrow.
The arrow barely misses you.
The centaur shoots an arrow.
The arrow hits you.
The centaur shoots an arrow.
The arrow hits you! Something hits you!
Deactivating autopickup; reactivate with Ctrl-A.
The centaur shoots an arrow.
The arrow closely misses you.
The centaur shoots an arrow.
The arrow misses you.
Okay, then.
Blink to where?
Press: ? - help, Dir - move target
As you read the scroll of blinking, it crumbles to dust.
The centaur shoots an arrow.
The arrow hits you!
The centaur shoots an arrow.
The arrow hits you!
* * * LOW HITPOINT WARNING * * *
Something barely misses you.
The centaur shoots an arrow.
The arrow hits you!
* * * LOW HITPOINT WARNING * * *
The centaur shoots an arrow.
The arrow hits you.
* * * LOW HITPOINT WARNING * * *
The centaur shoots an arrow.
Something hits you.
* * * LOW HITPOINT WARNING * * *
Something hits you.
You die...

.# .... #.## #####
##### ...# ....#
#.........# ....#
.... #.#.#.#.#.#
....#
#...#.........#.....#
#c##..#.#.#.#.#.#....
#....c....:......#
#c#c#.#.#@#
#..c......#
#.#c#.#.#.#
#.ยง.......#
#####.##### ..... ###
##. .


You could see 2 centaurs.

Vanquished Creatures
  A komodo dragon (D:7)
  Prince Ribbit (D:8)
  A yak (D:9)
  A water moccasin (D:6)
  An ice beast (D:7)
  An orc warrior (D:9)
  A sky beast (D:6)
  A hornet zombie (D:8)
  A necrophage (D:6)
  3 ogres
  A phantom (D:5)
  2 kobold brigands
  A bullfrog (D:9)
  A wyvern zombie (D:9)
  A gnoll sergeant (D:8)
  2 scorpions (D:4)
  A water moccasin zombie (D:5)
  A water moccasin skeleton (D:5)
  9 killer bees (D:8)
  9 wights
  4 howler monkeys
  A bullfrog zombie (D:6)
  4 hounds
  A jelly (D:5)
  A centaur skeleton (D:5)
  3 orc priests
  A bullfrog skeleton (D:5)
  10 orc wizards
  6 iguanas
  A hound zombie (D:5)
  4 gnolls (D:8)
  7 adders
  A shadow imp (D:5)
  A white imp (D:6)
  A dart slug (D:3)
  18 orcs
  2 ball pythons
  A bat (D:3)
  10 endoplasms
  3 giant cockroaches
  6 goblins
  2 hobgoblins
  3 jackals (D:1)
  16 kobolds
  3 quokkas
  4 frilled lizards
  4 rats
158 creatures vanquished.

Vanquished Creatures (collateral kills)
  A centaur zombie (D:7)
1 creature vanquished.

Grand Total: 159 creatures vanquished

Notes
Turn   | Place    | Note
-------+----------+-------------------------------------------
     0 | D:1      | raph the Merfolk Ice Elementalist began the quest for the
                  | Orb.
     0 | D:1      | Reached XP level 1. HP: 13/13 MP: 3/3
   318 | D:1      | Reached XP level 2. HP: 19/19 MP: 3/5
   563 | D:1      | Reached skill level 5 in Ice Magic
  1477 | D:2      | Reached XP level 3. HP: 10/24 MP: 0/6
  1726 | D:2      | Found a faded altar of an unknown god.
  2114 | D:2      | Learned a level 3 spell: Frozen Ramparts
  2139 | D:2      | Reached skill level 6 in Ice Magic
  2139 | D:2      | Reached XP level 4. HP: 28/30 MP: 2/7
  3296 | D:3      | Found a runed translucent gate.
  3296 | D:3      | Noticed DiogoH's ghost (amateur PaWr)
  3297 | D:3      | Found a runed translucent gate.
  3297 | D:3      | Identified the +8 hunting sling of Mana {speed, rElec rC+
                  | rN+ Int-5}
  3298 | D:3      | Found a runed translucent gate.
  3356 | D:3      | Learned a level 3 spell: Ozocubu's Armour
  3612 | D:4      | Reached XP level 5. HP: 31/35 MP: 2/8
  3742 | D:4      | Reached skill level 7 in Ice Magic
  3804 | D:4      | Noticed an ogre
  3832 | D:4      | Killed an ogre
  4062 | D:4      | Reached XP level 6. HP: 36/41 MP: 5/9
  4251 | D:4      | Reached skill level 8 in Ice Magic
  4293 | D:4      | Found a staircase to the Ecumenical Temple.
  4345 | Temple   | Entered the Ecumenical Temple
  4521 | Temple   | Became a worshipper of Sif Muna the Loreminder
  5139 | D:5      | Entered Level 5 of the Dungeon
  5148 | D:5      | Reached XP level 7. HP: 46/46 MP: 6/10
  5157 | D:5      | Reached skill level 9 in Ice Magic
  5766 | D:5      | Found Goeg's Book Shop.
  6271 | D:5      | Learned a level 1 spell: Shock
  7208 | D:5      | Reached skill level 10 in Ice Magic
  7461 | D:5      | Got the Papyrus of Stones and Venom
  7470 | D:5      | Learned a level 1 spell: Sting
  7664 | D:5      | Bought a book of Callings for 260 gold pieces
  7666 | D:5      | Learned a level 1 spell: Summon Small Mammal
  7713 | D:5      | Reached skill level 1 in Fighting
  7713 | D:5      | Reached XP level 8. HP: 52/54 MP: 0/11
  7958 | D:6      | Reached skill level 1 in Conjurations
  8837 | D:6      | Reached * piety under Sif Muna
  9489 | D:6      | Found a runed translucent door.
  9903 | D:7      | Reached skill level 1 in Invocations
  9909 | D:7      | Reached skill level 1 in Evocations
 10013 | D:7      | Noticed a komodo dragon
 10046 | D:7      | Killed a komodo dragon
 10047 | D:7      | Reached skill level 1 in Staves
 10047 | D:7      | Reached skill level 11 in Ice Magic
 10047 | D:7      | Reached XP level 9. HP: 62/62 MP: 1/13
 10052 | D:7      | Learned a level 4 spell: Hailstorm
 10503 | D:7      | Found Voagas's Antique Armour Shop.
 10594 | D:7      | Noticed Maggie
 11585 | D:8      | Noticed Prince Ribbit
 11596 | D:8      | Killed Prince Ribbit
 11795 | D:8      | Reached skill level 5 in Dodging
 12227 | D:8      | Reached ** piety under Sif Muna
 13832 | D:8      | Reached XP level 10. HP: 71/71 MP: 9/16
 14002 | D:9      | Reached *** piety under Sif Muna
 14003 | D:9      | Reached skill level 1 in Shields
 15655 | D:9      | You fall into a shaft and drop 2 floors!
 15664 | D:11     | HP: 3/67 [something (4)]
 15664 | D:11     | Slain by an unseen horror

Illustrated notes

Levels and vault maps discovered:
D:1:      wander_arrival_abandoned_jail, layout_basic, hex_medium,
          hangedman_decor_points
D:2:      layout_basic, shapermc_ecumenical_altar_totnotflames,
          grunt_ministairs_11
D:3:      layout_loops_ring, biasface_ghost_orc_armoury
D:4:      layout_loops_ring, minmay_temple_entry_large_hall
D:5:      layout_loops_ring, serial_shops, nicolae_square_shop
D:6:      layout_gridville, lightli_church_of_beogh
D:7:      layout_basic, serial_shops, shop_statue,
          chequers_serial_rivers_micro_a, uniq_maggie
D:8:      layout_loops_ring, enter_bailey_5, serial_rivers,
          chequers_serial_rivers_room_b, chequers_serial_rivers_room_a,
          chequers_serial_rivers_marsh, chequers_serial_rivers_small_b,
          uniq_prince_ribbit1
D:9:      layout_loops_cross, tgw_kikubaaqudgha, david_lair_generic,
          hangedman_decor_riveting, nicolae_benzene_ring,
          minmay_misc_feat_more_columns, uniq_erolcha
D:11:     minmay_the_grid_net [minmay_the_grid_stretched_grid,
          minmay_the_grid_minigrid_small, minmay_the_grid_minigrid_medium,
          minmay_the_grid_aliased_spiral, minmay_the_grid_plusring,
          minmay_the_grid_prize_trominoes], layout_stronghold, uniq_fannar,
          uniq_erica
Temple:   minmay_crystal_snake_temple

Skill      XL: |  1  2  3  4  5  6  7  8  9 10 |
---------------+-------------------------------+-----
Ice Magic      | 5 6 7 8 10 11 | 11.6
Dodging        | 3 4 5 |  5.8
Fighting       | 1 2 4 |  4.2
Conjurations   | 2 3 |  3.1
Spellcasting   | 3 4 |  4.1
Invocations    | 1 3 |  3.6
Evocations     | 1 2 3 |  3.1
Staves         | 1 2 |  2.4
Shields        | 1 |  1.8
Stealth        | |  2.1

Action                   |  1- 3 |  4- 6 |  7- 9 | 10-12 || total
-------------------------+-------+-------+-------+-------++-------
Melee: Short sword       |    27 |    13 |       |       ||    40
       Staff             |       |     9 |   240 |    24 ||   273
Throw: Dart              |       |     7 |     9 |       ||    16
 Cast: Freeze            |    37 |    24 |    11 |     5 ||    77
       Frozen Ramparts   |       |    12 |    36 |     4 ||    52
       Ozocubu's Armour  |       |     1 |    18 |     4 ||    23
       Shock             |       |       |    81 |     7 ||    88
       Summon Small Mamm |       |       |     9 |     4 ||    13
       Hailstorm         |       |       |    18 |    10 ||    28
Evoke: Wand              |       |       |     9 |       ||     9
  Use: Scroll            |     1 |     5 |     8 |     1 ||    15
       Potion            |       |       |     1 |       ||     1
 Stab: Sleeping          |     2 |     2 |       |       ||     4
       Distracted        |       |       |     1 |       ||     1
Armor: Robe              |     6 |     6 |   143 |     3 ||   158
Dodge: Dodged            |    33 |    31 |   224 |    33 ||   321
Block: Buckler           |       |       |       |    10 ||    10
